 Dungeon Crawl Stone Soup version 0.31-a0-819-gf6de2f5ab6 (webtiles) character file.

Game seed: 15831570127390177652

69 adelrune the Ruffian (level 4, -3/36 HPs)
             Began as a Draconian Shapeshifter on Sept 23, 2023.
             Was a Follower of Wu Jian.
             Succumbed to a goblin's poison
             ... on level 2 of the Dungeon.
             The game lasted 00:03:34 (894 turns).

adelrune the Ruffian (Draconian Shapeshifter)        Turns: 894, Time: 00:03:35

Health: -3/36      AC:  5    Str: 19    XL:     4   Next: 2%
Magic:  4/4        EV: 11    Int: 10    God:    Wu Jian [*.....]
Gold:   120        SH:  3    Dex: 10    Spells: 3/3 levels left

rFire   . .          .
                       - Unarmed
rCold   . . .        g - +0 buckler
rNeg    . . .        (body armour unavailable)
rPois   .            (helmet currently unavailable)
rElec   .            (cloak currently unavailable)
rCorr   .            (gloves currently unavailable)
SInv    .            (boots currently unavailable)
Will    .....        (no amulet)
Stlth   +            (no ring)
HPRegen 0.26/turn    (no ring)
MPRegen 0.09/turn

%: no passive effects
@: lethally poisoned (-3 -> -27), beast-form
A: beast (slay +1), AC +5, unfitting armour, cold-blooded
a: Begin Untransformation, Renounce Religion


You were on level 2 of the Dungeon.
You worshipped Wu Jian.
Wu Jian was aware of your devotion.
You were a hulking beast.
You visited 1 branch of the dungeon, and saw 2 of its levels.

You collected 120 gold pieces.

Inventory:

Armour
 g - a +0 buckler (worn)
 k - a +2 kite shield
Talismans
 b - a beast talisman (active)
 c - a flux talisman
Scrolls
 e - a scroll of teleportation {unknown}
 f - 2 scrolls of blinking {unknown}
 i - a scroll of amnesia {unknown}
 m - a scroll of identify {unknown}
Potions
 a - a potion of lignification
 d - a potion of attraction {unknown}
 h - 2 potions of brilliance {unknown}
 j - 2 potions of magic {unknown}
 l - 2 potions of invisibility {unknown}


   Skills:
 + Level 1.8 Fighting
 + Level 2.2 Dodging
 + Level 1.0 Shields
 * Level 3.8 Unarmed Combat
 + Level 3.3 Shapeshifting


You had 3 spell levels left.
You didn't know any spells.
Your spell library contained the following spells:

 Spells                   Type           Power      Damage    Failure   Level
 Cigotuvi's Dreadful Rot  Necr/Pois/Air  0%         N/A       58%         2
 Ignite Poison            Fire/Tmut/Pois 0%         N/A       82%         3
 Freezing Cloud           Conj/Ice/Air   0%         6-21      100%        5


Dungeon Overview and Level Annotations

Branches:
Dungeon (2/15)

Altars:
Wu Jian

Annotations:
D:2 Robin


Innate Abilities, Weirdness & Mutations

You are a hulking beast.
Your limbs bulge with bestial killing power. (Slay +1)
Your plain brown scales are hard. (AC +5)
You cannot fit into any form of body armour.
You are cold-blooded and may be slowed by cold attacks.


Message History

You feel very sick. The adder bites you but does no damage.
You miss the adder.
The adder is almost dead.
You feel sick. The adder barely misses you.
Robin roars a battlecry!
The goblin goes into a battle-frenzy!
The adder bites you.
You barely miss the adder. You tail-slap the adder.
You kill the adder!
The Council accepts your kill.
You feel sick.
Your Shields skill increases to level 1!
You have reached level 4!
You feel stronger.
You feel sick.
You feel sick.
The frilled lizard hisses angrily.
You feel sick. Robin throws the goblin at you!
You spin and attack the goblin.
You hit the goblin but do no damage.
Your tail-slap misses the goblin.
You feel sick. The goblin closely misses you.
You feel sick.
You are no longer poisoned.
The goblin attacks as it pursues you! You block the goblin's attack.
The goblin no longer looks unusually strong.
The goblin attacks as it pursues you!
The goblin hits you with a +1 dagger of venom.
You are lethally poisoned!
* * * LOW HITPOINT WARNING * * *
You feel very sick.
* * * LOW HITPOINT WARNING * * *
You feel very sick. The goblin attacks as it pursues you!
The goblin hits you but does no damage.
You are more poisoned.
* * * LOW HITPOINT WARNING * * *
You feel very sick. The goblin attacks as it pursues you!
The goblin hits you but does no damage.
You are more poisoned.
You see here a +0 robe.
You die...

#g#.......)###.)...###
#g#.....(...#.........#
#.)...................#
###...................#
#.........#..........
########..####.......
##...#...........
###................ ..
##.h........... #.#
#.[##.......... # #.#
#g###.......... .####.#
####.# #..........
.†.##.# ##..l.#
#........#
#.##l####.l####
#........#
#......#..####
#########
###...>......#
#..........#


You could see a goblin and a frilled lizard.

Vanquished Creatures
  2 gnolls
  2 adders (D:2)
  An endoplasm (D:2)
  2 giant cockroaches
  6 goblins
  8 hobgoblins
  A quokka (D:1)
  2 ball pythons (D:1)
  3 bats
  2 kobolds
  A rat (D:2)
30 creatures vanquished.

Notes
Turn   | Place    | Note
-------+----------+-------------------------------------------
     0 | D:1      | adelrune the Draconian Shapeshifter began the quest for the
                  | Orb.
     0 | D:1      | Reached XP level 1. HP: 16/16 MP: 1/1
   330 | D:1      | Found a faded altar of an unknown god.
   337 | D:1      | Reached XP level 2. HP: 19/23 MP: 2/2
   347 | D:1      | Prayed at the altar of an unknown god.
   347 | D:1      | Became a worshipper of the Wu Jian Council
   347 | D:1      | Reached * piety under Wu Jian
   618 | D:2      | Noticed Robin
   688 | D:1      | Reached XP level 3. HP: 25/28 MP: 3/3
   880 | D:2      | Reached skill level 1 in Shields
   880 | D:2      | Reached XP level 4. HP: 17/36 MP: 4/4
   894 | D:2      | Succumbed to a goblin's poison

Illustrated notes

Levels and vault maps discovered:
D:1:      saegor_arrival_simple_b, layout_rooms,
          hellmonk_ecumenical_altar_crossroads
D:2:      layout_basic, minmay_tetromino_l2, uniq_robin

Skill      XL: |  1  2  3 |
---------------+----------+-----
Dodging        | 2 |  2.2
Shields        | 1 |  1.0
Fighting       | |  1.8
Unarmed Combat | |  3.8
Shapeshifting  | |  3.3

Action                     |  1- 3 |  4- 6 || total
---------------------------+-------+-------++-------
  Melee: Unarmed           |    75 |     1 ||    76
         Tailslap          |    11 |       ||    11
Ability: Whirlwind         |     9 |     1 ||    10
         Lunge             |     2 |       ||     2
   Stab: Sleeping          |     1 |       ||     1
 Armour: Skin              |    39 |     3 ||    42
  Dodge: Dodged            |    43 |     1 ||    44
  Block: Buckler           |     5 |     1 ||     6

Table legend: (Time is in decaauts)
 A = Elapsed time spent in this place.
 B = Non-inter-level travel time spent in this place.
 C = Inter-level travel time spent in this place.
 D = Time resting spent in this place.
 E = Time spent auto-exploring this place.
 F = Levels seen in this place.
 G = Mean time per level.
                   A        B        C        D        E       F      G
               +--------+--------+--------+--------+--------+-----+--------+
         Total |    896 |    876 |     20 |     45 |    557 |   2 |  448.0 |
       Dungeon |    896 |    876 |     20 |     45 |    557 |   2 |  448.0 |
               +--------+--------+--------+--------+--------+-----+--------+

Top non-repeatable levels by time:
     D:1: 607 daAuts
     D:2: 289 daAuts
